 Dungeon Crawl Stone Soup version 0.15.2 (webtiles) character file.

5381 Gartch the Spear-Bearer (level 10, -6/76 HPs)
             Began as a Merfolk Ice Elementalist on Jan 13, 2015.
             Was a Priest of Yredelemnul.
             Killed from afar by a raiju (9 damage)
             ... with a living lightning
             ... on Level 1 of the Abyss on Jan 15, 2015.
             The game lasted 04:29:37 (14707 turns).

Gartch the Spear-Bearer (Merfolk Ice Elementalist) Turns: 14707, Time: 04:29:37

HP  -6/76        AC 17     Str  8      XL: 10   Next: 66%
MP   1/16        EV 15     Int 20      God: Yredelemnul [***...]
Gold 411         SH  6     Dex 18      Spells:  4 memorised,  1 level left

rFire  . . .     SeeInvis .     h - +0 spear (venom)
rCold  . . .     Clarity  .     y - +0 leather armour
rNeg   . . .     rCorr    .     (no shield)
rPois  .         rRot     .     q - +2 hat
rElec  .         Spirit   .     J - +0 cloak
SustAb .         Warding  .     r - +2 pair of gloves
rMut   +         Stasis   .     (no boots)
Gourm  .                        D - amulet of resist mutation
MR     .....                    (no ring)
                                (no ring)

@: brilliant, icy armour, icy shield, not resistant to hostile enchantments,
unstealthy
A: change form in water, swift swim
a: Animate Dead, Recall Undead Slaves, Injury Mirror, Renounce Religion


You were on level 1 of the Abyss.
You worshipped Yredelemnul.
Yredelemnul was most pleased with you.
You were near starving.

You visited 1 branch of the dungeon, and saw 9 of its levels.
You visited the Abyss 1 time.

You collected 411 gold pieces.

Inventory:

Hand weapons
 e - a +0 trident
 f - a +0 war axe
 g - a +0 bardiche
 h - a +0 spear of venom (weapon)
 k - a +0 trident
 p - a +0 dagger of freezing
 s - a +2 quarterstaff of distortion
 w - a +0 spear
 C - a +0 hunting sling
 E - a +0 halberd
 G - a +0 spear
Missiles
 a - 22 stones (quivered)
 n - 26 sling bullets
 H - a throwing net
 I - 21 poisoned needles
 L - 57 arrows
Armour
 j - a +0 leather armour
 q - a +2 hat (worn)
 r - a +2 pair of gloves (worn)
 y - a +0 leather armour (worn)
 J - a +0 cloak (worn)
Magical devices
 l - a wand of magic darts (1) {unknown}
 x - a wand of slowing (5) {unknown}
 P - a wand of polymorph (5)
Comestibles
 c - 8 bread rations
 o - 7 slices of pizza
 A - a beef jerky
 B - 16 fruits
Scrolls
 d - 2 scrolls of remove curse
 M - a scroll of fog
 T - a scroll of enchant armour
Jewellery
 D - an amulet of resist mutation (around neck)
Potions
 m - a potion of mutation
 t - a potion of cure mutation {unknown}
 u - 2 potions of brilliance
 z - a potion of magic {unknown}
 F - 2 potions of heal wounds {unknown}
 K - a potion of restore abilities {unknown}
Books
 b - a book of Frost

   Spells                             Type                      Level
   *Freeze                            Ice                          1
   Throw Frost                        Conjuration/Ice              2
   *Ozocubu's Armour                  Charms/Ice                   3
   *Throw Icicle                      Conjuration/Ice              4
   Summon Ice Beast                   Ice/Summoning                4
   *Condensation Shield               Ice                          4


   Skills:
 - Level 6.3 Fighting
 - Level 13.3 Polearms
 - Level 6.1 Dodging
 - Level 2.2 Stealth
 - Level 2.0 Spellcasting
 * Level 1.2 Conjurations
 - Level 4.0 Charms
 - Level 10.0 Ice Magic


You had one spell level left.
You knew the following spells:

 Your Spells              Type           Power        Failure   Level  Hunger
a - Freeze                Ice            ####         1%          1    #......
b - Ozocubu's Armour      Chrm/Ice       #####...     1%          3    ###....
c - Condensation Shield   Ice            ######....   1%          4    #####..
d - Throw Icicle          Conj/Ice       #####...     2%          4    #####..


Dungeon Overview and Level Annotations

Branches:
Dungeon (9/15)             Temple (0/1) D:4
    Orc: D:9-12        Lair: D:8-11

Altars:
Ashenzari
Dithmenos
Makhleb
Qazlal
Yredelemnul
Zin
The Shining One

Annotations:
D:5 Jessica
D:9 Dowan, Duvessa


Message History

You barely miss the ufetubus.
The ufetubus is severely wounded.
The ufetubus hits you but does no damage.
You block the ufetubus' attack.
You puncture the ufetubus!
You kill the ufetubus!
You hit the ufetubus.
The ufetubus is poisoned.
The ufetubus is almost dead.
The ynoxinul gestures.
You hit the ufetubus but do no damage.
The ufetubus is almost dead.
You kill the ufetubus!
Your leather armour prevents you from hitting the raiju.
The raiju is moderately wounded.
You hit the raiju.
The raiju is heavily wounded.
The raiju bursts into living lightning!
The living lightning hits you!
You die...
Your body rises from the dead as a mindless zombie.

##
.#######.###.#
5. # .....##
#5## ##.#5.# #
# # #.3# # # #
# # ##55#
.##...55 .#.
#.5# #.# .5
..'..#55# 35 5
....#.###h#
#.# #.## # #
#@# . # #. ###
. . # # # ..
#### ## ## # .
. . # ## # # .
. .


You could see a raiju, a ynoxinul and 6 ufetubi.

Vanquished Creatures
  Pikel (D:6)
  A two-headed ogre (D:8)
  Edmund (D:6)
  The ghost of emiel the Ruinous, an average DEIE (D:4)
  2 yaks (D:8)
  2 water moccasins (D:6)
  A black bear (D:7)
  4 sky beasts
  A necrophage (D:7)
  2 phantoms
  An ogre (D:5)
  3 orc warriors
  An ice beast (D:9)
  2 slaves
  The ghost of emiel the Chiller, an average DEIE (D:3)
  3 big kobolds (D:8)
  A gnoll sergeant (D:8)
  5 giant frogs
  A scorpion (D:7)
  A troll skeleton (D:7)
  A centaur zombie (D:5)
  5 crimson imps
  2 goliath beetles
  7 hounds
  A jelly (D:6)
  11 orc priests
  A gnoll shaman (D:6)
  A black bear skeleton (D:5)
  9 orc wizards
  2 iguanas
  9 worker ants
  2 sheep (D:8)
  Ijyb (D:4)
  11 adders
  19 gnolls
  4 shadow imps
  A giant mite (D:6)
  An inept feature mimic (D:3)
  A worm (D:2)
  2 ufetubi (Abyss:1)
  8 giant geckos
  34 orcs
  A bat zombie (D:8)
  7 giant cockroaches
  12 hobgoblins
  15 jackals
  20 kobolds
  6 ball pythons
  11 bats
  3 giant newts
  11 goblins
  4 orc zombies (D:8)
  4 quokkas
  16 rats
278 creatures vanquished.

Vanquished Creatures (others)
  A slave (D:6)
  3 ufetubi (Abyss:1)
  A worm (D:5)
  A giant spore (D:6)
6 creatures vanquished.

Grand Total: 284 creatures vanquished

Notes
Turn   | Place    | Note
--------------------------------------------------------------
     0 | D:1      | Gartch, the Merfolk Ice Elementalist, began the quest for the Orb.
     0 | D:1      | Reached XP level 1. HP: 13/13 MP: 3/3
   237 | D:1      | Reached XP level 2. HP: 17/19 MP: 0/4
   463 | D:1      | Reached skill level 4 in Ice Magic
   817 | D:1      | Reached XP level 3. HP: 20/24 MP: 1/6
  1578 | D:2      | Learned a level 3 spell: Ozocubu's Armour
  1725 | D:2      | Reached skill level 5 in Ice Magic
  1725 | D:2      | Reached XP level 4. HP: 26/30 MP: 4/7
  1907 | D:2      | Found a glowing golden altar of the Shining One.
  1956 | D:2      | Reached skill level 1 in Charms
  2574 | D:3      | Reached XP level 5. HP: 30/35 MP: 2/9
  3355 | D:3      | Noticed emiel's ghost (average DEIE)
  3372 | D:3      | Killed emiel's ghost
  3372 | D:3      | Reached XP level 6. HP: 41/41 MP: 1/10
  3473 | D:3      | Reached skill level 6 in Ice Magic
  3981 | D:4      | Reached skill level 1 in Fighting
  4271 | D:4      | Noticed emiel's ghost (average DEIE)
  4286 | D:4      | Killed emiel's ghost
  4286 | D:4      | Reached XP level 7. HP: 20/54 MP: 0/12
  4525 | D:4      | Found a staircase to the Ecumenical Temple.
  4611 | D:5      | Entered Level 5 of the Dungeon
  4784 | D:5      | Found a basalt altar of Yredelemnul.
  4792 | D:5      | Became a worshipper of Yredelemnul the Dark
  4912 | D:5      | Found a stormy altar of Qazlal.
  5266 | D:4      | Reached skill level 5 in Dodging
  5298 | D:4      | Reached skill level 1 in Polearms
  6222 | D:5      | Noticed Jessica
  6572 | D:5      | Reached XP level 8. HP: 42/60 MP: 9/13
  6697 | D:5      | Noticed Ijyb
  6726 | D:4      | Killed Ijyb
  6753 | D:4      | Reached skill level 5 in Polearms
  7387 | D:5      | Reached skill level 7 in Polearms
  7467 | D:5      | Reached skill level 8 in Polearms
  7557 | D:5      | Found a glowing silver altar of Zin.
  7557 | D:5      | Found a shattered altar of Ashenzari.
  7557 | D:5      | Found a shadowy altar of Dithmenos.
  7948 | D:6      | Acquired Yredelemnul's first power
  8019 | D:7      | Reached skill level 9 in Polearms
  8598 | D:7      | Reached skill level 10 in Polearms
  8810 | D:6      | Reached XP level 9. HP: 65/65 MP: 12/14
  9145 | D:6      | Reached skill level 11 in Polearms
  9275 | D:6      | Noticed Edmund
 10247 | D:7      | Noticed Pikel
 10294 | D:6      | Killed Pikel
 10294 | D:6      | Reached skill level 13 in Polearms
 11003 | D:6      | Killed Edmund
 11101 | D:6      | Acquired Yredelemnul's second power
 11406 | D:7      | Reached skill level 5 in Fighting
 11829 | D:7      | Noticed a basilisk
 11831 | D:7      | Noticed a manticore
 12025 | D:8      | Reached XP level 10. HP: 9/74 MP: 16/16
 12951 | D:8      | Learned a level 4 spell: Condensation Shield
 12956 | D:8      | Learned a level 4 spell: Throw Icicle
 13091 | D:8      | Noticed a three-headed hydra
 13244 | D:8      | Found a burning altar of Makhleb.
 13263 | D:8      | Acquired Yredelemnul's third power
 13304 | D:8      | Noticed a two-headed ogre
 13322 | D:8      | Killed a two-headed ogre
 13527 | D:8      | Found a burning altar of Makhleb.
 14237 | D:9      | Noticed Duvessa
 14237 | D:9      | Noticed Dowan
 14305 | D:8      | Reached skill level 10 in Ice Magic
 14432 | D:9      | Reached skill level 1 in Conjurations
 14445 | D:9      | Cast into the Abyss (orc warrior)
 14487 | Abyss:1  | Noticed a thrashing horror
 14539 | Abyss:1  | Noticed a thrashing horror
 14548 | Abyss:1  | Noticed a smoke demon
 14609 | Abyss:1  | Noticed an Executioner
 14610 | Abyss:1  | Noticed a wretched star
 14701 | Abyss:1  | HP: 2/76 [raiju/living lightning (10)]
 14707 | Abyss:1  | Killed from afar by a raiju

Action                   |  1- 3 |  4- 6 |  7- 9 | 10-12 || total
-------------------------+-------+-------+-------+-------++-------
Melee: Spear             |     5 |    19 |   534 |   438 ||   996
       Short sword       |       |     1 |       |       ||     1
 Fire: Hunting sling     |       |       |    17 |       ||    17
Throw: Stone             |    66 |   103 |    34 |       ||   203
 Cast: Freeze            |    59 |    94 |   141 |    31 ||   325
       Ozocubu's Armour  |       |     8 |    66 |    23 ||    97
       Condensation Shie |       |       |       |    12 ||    12
       Throw Icicle      |       |       |       |     2 ||     2
Invok: Injury Mirror     |       |       |       |     1 ||     1
  Use: Scroll            |       |     6 |    12 |     2 ||    20
       Potion            |       |       |     2 |     5 ||     7
 Stab: Sleeping          |       |     2 |       |     1 ||     3
  Eat: Chunk             |     4 |    10 |    30 |    11 ||    55
       Meat ration       |       |       |     2 |       ||     2
       Fruit             |       |       |       |     1 ||     1
